 Dungeon Sprint DCSS version 0.30-a0-219-gf2db51d15e (webtiles) character file.

Game seed: 9961462791230069570

72 Zeld the Chopper (level 4, -7/42 HPs)
             Began as a Minotaur Berserker on Oct 7, 2022.
             Was a Priest of Trog.
             Mangled by an ogre
             ... wielding a +0 giant club
              (37 damage)
             ... in the Dungeon (Sprint IX: "|||||||||||||||||||||||||||||").
             The game lasted 00:00:16 (51 turns).

Zeld the Chopper (Minotaur Berserker)                 Turns: 51, Time: 00:00:17

Health: -7/42      AC:  2    Str: 23    XL:     4   Next: 7%
Magic:  3/3        EV: 13    Int:  4    God:    Trog [***...]
Gold:   0          SH:  0    Dex: 10    Spells: 3/3 levels left

rFire   . . .      SeeInvis .    a - +0 hand axe
rCold   . . .      Faith    .    (no shield)
rNeg    . . .      Spirit   .    b - +0 animal skin
rPois   .          Reflect  .    (helmet restricted)
rElec   .          Harm     .    (no cloak)
rCorr   .          Rampage  .    (no gloves)
Will    ++...      NoTele   +    (no boots)
Stlth   +.........               (no amulet)
HPRegen 1.27/turn                (no ring)
MPRegen 0.08/turn                (no ring)

@: strong-willed, on berserk cooldown, regenerating, slowed, very slow
A: horns 2, retaliatory headbutt
a: Renounce Religion, Berserk, Trog's Hand


You were in the Dungeon.
You worshipped Trog.
Trog was most pleased with you.
You visited 1 branch

Inventory:

Hand Weapons
 a - a +0 hand axe (weapon)
Armour
 b - a +0 animal skin (worn)
Scrolls
 h - a scroll of blinking
Potions
 c - a potion of curing
 e - a potion of haste
 f - 2 potions of magic
 g - a potion of berserk rage


   Skills:
 + Level 5.5 Fighting
 * Level 7.0 Axes
 + Level 4.8 Armour
 + Level 4.4 Dodging


You had 3 spell levels left.
You didn't know any spells.
Your spell library was empty.

Dungeon Overview and Level Annotations

Branches:
Dungeon (1/1)

Altars:


Innate Abilities, Weirdness & Mutations

You have a pair of horns on your head.
You reflexively headbutt those who attack you in melee.


Message History

Your Dodging skill increases to level 4!
You barely miss the adder. You headbutt the adder!
You kill the adder!
Trog accepts your kill.
Your Axes skill increases to level 7!
You have reached level 4!
You feel agile.
There is an open door, spattered with blood here.
Things that are here:
a +0 whip; a +0 robe; an adder corpse You slash the ogre!
The ogre is heavily wounded.
The ogre hits you with a +0 giant club!
You barely miss the ogre.
The ogre is heavily wounded.
You barely miss the ogre.
The ogre is heavily wounded.
The ogre barely misses you.
You hit the ogre. Your headbutt misses the ogre.
The ogre is severely wounded.
You barely miss the ogre.
The ogre is severely wounded.
You barely miss the ogre.
The ogre is severely wounded.
The ogre hits you with a +0 giant club!!
* * * LOW HITPOINT WARNING * * *
You hit the ogre.
The ogre is almost dead.
You barely miss the ogre.
The ogre is almost dead.
You are no longer berserk.
You are exhausted.
You feel yourself slow down. The ogre closely misses you.
Your skin crawls.
You feel strong-willed. The ogre misses you.
You feel much better.
The ogre hits you with a +0 giant club!!!
Ouch! That really hurt!
You die... ▓▓▓▓▓▓▓▓▓▓▓▓▓▓▓▓▓▓ ▓<...')....@OW...+ ▓▓▓▓▓▓▓▓▓▓▓▓▓▓▓▓▓▓

You could see an ogre and a phantom.

Vanquished Creatures
  A gnoll bouda (D)
  An iguana (D)
  An adder (D)
  2 ball pythons (D)
  An endoplasm (D)
  A hobgoblin (D)
  A kobold (D)
8 creatures vanquished.

Notes
Turn   | Place    | Note
-------+----------+-------------------------------------------
     0 | D        | Zeld the Minotaur Berserker began the quest for the Orb.
     0 | D        | Reached XP level 1. HP: 19/19 MP: 0/0
     5 | D        | Reached skill level 4 in Axes
     9 | D        | Reached ** piety under Trog
    30 | D        | Noticed a gnoll bouda
    30 | D        | Noticed an iguana
    30 | D        | Noticed an ogre
    30 | D        | Noticed a phantom
    36 | D        | Killed a gnoll bouda
    37 | D        | Reached skill level 6 in Axes
    37 | D        | Reached XP level 2. HP: 18/28 MP: 1/1
    37 | D        | Reached XP level 3. HP: 23/35 MP: 2/2
    39 | D        | Reached *** piety under Trog
    40 | D        | Reached skill level 5 in Fighting
    41 | D        | Reached skill level 7 in Axes
    41 | D        | Reached XP level 4. HP: 29/42 MP: 3/3
    47 | D        | HP: 1/63 [ogre/+0 giant club (22)]
    51 | D        | Mangled by an ogre

Illustrated notes

Levels and vault maps discovered:
D:        linesprint [early_d, line_temple, items_1, d_10, items_2, lair_1,
          lair_end, items_3, orc_1, orc_end, items_4, d_15, swamp_1, shoals_1,
          snake_1, spider_1, d_20, vaults_1, items_5, swamp_end, shoals_end,
          snake_end, spider_end, vaults_end, d_27, items_6, zot_1, zot_end,
          crypt_end, forest_end, elf_end, slime_end, tomb_end, abyss_end,
          pan_hell_end]

Skill      XL: |  1  2  3 |
---------------+----------+-----
Axes           | 6 7 |  7.0
Fighting       | 4 5 |  5.5
Armour         | 4 |  4.8
Dodging        | 3 4 |  4.4

Action                   |  1- 3 |  4- 6 || total
-------------------------+-------+-------++-------
Melee: Hand axe          |    17 |     8 ||    25
       Headbutt          |     6 |       ||     6
Invok: Berserk           |     1 |       ||     1
       Trog's Hand       |       |     1 ||     1
  Use: Potion            |       |     1 ||     1
Dodge: Dodged            |     7 |     3 ||    10

Table legend: (Time is in decaauts)
 A = Elapsed time spent in this place.
 B = Non-inter-level travel time spent in this place.
 C = Inter-level travel time spent in this place.
 D = Time resting spent in this place.
 E = Time spent auto-exploring this place.
 F = Levels seen in this place.
 G = Mean time per level.
                   A        B        C        D        E       F      G
               +--------+--------+--------+--------+--------+-----+--------+
         Total |     46 |     46 |      0 |      0 |     19 |   1 |   46.0 |
       Dungeon |     46 |     46 |      0 |      0 |     19 |   1 |   46.0 |
               +--------+--------+--------+--------+--------+-----+--------+

Top non-repeatable levels by time:
       D: 46 daAuts
